Unix NetHack Version 5.0.0-0 post-release - last build May 23 2026 06:08:33 (1c0ff79ee797540d5714e4e18072db0edd9e58ae,branch:main).

Game began 2026-05-27 06:35:33, ended 2026-05-29 11:48:00.

Kumikeijo, lawful female human Valkyrie

 -----------                     --------------
 |.........|               ######.............|       ------
 |..........###           ##     |............|       |.(.<|
 |.........|  #  ---------#      |............|       |....|
 -.---------  #  |.%......#      |............-#######.....|
  #           #  |.......|       |............|       |....|
  #           ###.........#      --.-----------       |....|
  #              -----.---##       #                  ------
  ###               ###    #       #
    #                #     #      ##
   -.-----         ###     ##     #
   |.....|######   #        #     #
   |.....|     #  ##        #############
   |.....|     #--%--       ##---.--------
   |....(|     #|>@B.#########|..........|
   -------     #-...|        #-..........|
                |..(|         |.........:|
                -----         ------------

Kumikeijo the Skirmisher    St:15 Dx:14 Co:15 In:9 Wi:10 Ch:11  Lawful S:423
Dlvl:3  $:61 HP:0(27) Pw:6(6) AC:3  Xp:3/53 T:1615  Burdened

Latest messages:
 Ecch - that must have been poisonous!
 Your movements are slowed slightly because of your load.
 You finish eating the yellow mold corpse.
 Oh wow!  Great stuff!
 You hear the quarterback calling the play.
 You hear Neiman and Marcus arguing!
 With great effort you move the boulder.
 The Greater Hell Beast bites!
 The tie-thulu misses!
 You climb up the stairs.
 You hear the quarterback calling the play.
 You hear the quarterback calling the play.
 You hear Ebenezer Scrooge!
 You stop searching.
 The arch-lich bites!
 The holloway bites!
 You stop searching.
 The lizard misses!
 You miss the wight supremacist.
 The large dog bites!
 The baby orange dragon bites!
 You miss the grid bug.
 The gnome misses!
 The bone devil misses!
 You miss the wumpus.
 The baby yellow dragon misses!
 You kill the Elvenqueen!
 There is a doorway here.
 You see here a fox corpse.
 There is a doorway here.
 You see here a fox corpse.
 Everything looks SO boring now.
 There is a fox corpse here; eat it? [ynq] (n) y
 This fox corpse is fatty.
 You stop eating the fox corpse.
 The giant bat misses!
 The giant bat bites!
 The giant bat bites!
 The giant bat bites!
 You hit the giant bat!
 The giant bat bites!
 The giant bat bites!
 You miss the giant bat.
 The giant bat bites!
 You die...
 Do you want your possessions identified? [ynq] (y) y
 Do you want to see your attributes? [ynq] (y) y
 Do you want an account of creatures vanquished? [ynaq] (y) y
 Do you want to see your conduct and achievements? [ynq] (y) y
 Do you want to see the dungeon overview? [ynq] (y) y

Inventory:
 Coins    ('$')
  $ - 61 gold pieces
 Weapons  (')')
  b - 2 +0 daggers (alternate weapons; not wielded)
  a - a +1 spear (weapon in right hand)
 Armor    ('[')
  c - an uncursed burnt +3 small shield (being worn)
  e - an uncursed +0 scale mail (being worn)
  k - an uncursed +0 splint mail
 Comestibles  ('%')
  m - 2 uncursed cream pies
  d - an uncursed food ration
  l - an uncursed lembas wafer
  j - an uncursed lichen corpse
 Scrolls  ('?')
  o - a cursed scroll of enchant armor
  n - 2 uncursed scrolls of identify
  f - an uncursed scroll of scare monster
  g - an uncursed scroll of scare monster
 Spellbooks  ('+')
  p - an uncursed spellbook of magic missile
 Rings    ('=')
  h - an uncursed ring of protection from shape changers
 Tools    ('(')
  i - an uncursed tin whistle

Kumikeijo the Valkyrie's attributes:

Background:
 You were a Skirmisher, a level 3 human Valkyrie.
 You were lawful, nominally on a mission for Tyr
 who was opposed by Odin (neutral) and Loki (chaotic).
 You were right-handed.
 You were in the Dungeons of Doom, on level 3.
 You entered the dungeon 1615 turns ago.
 You had 53 experience points, 27 more were needed to attain level 4.
 Your score was 423 before end-of-game adjustments.

Basics:
 You had 0 out of 27 hit points.
 You had all 6 energy points (spell power).
 Your armor class was 3.
 Your wallet contained 61 zorkmids.
 Autopickup was off.

Final Characteristics:
 Your strength was 15 (peak:18/01, limit:18/100).
 Your dexterity was 14 (limit:18).
 Your constitution was 15 (limit:18).
 Your intelligence was 9 (limit:18).
 Your wisdom was 10 (limit:18).
 Your charisma was 11 (limit:18).

Final Status:
 You weren't hungry.
 You were burdened; movement was slightly slowed.
 You were wielding a spear.
 You had basic skill with spear.

Final Attributes:
 You were devoutly aligned.
 You were cold resistant.
 You were stealthy.
 You were warded.
 You are dead.

Miscellaneous:
 You didn't encounter any bones levels.
 Total elapsed playing time was 18 minutes and 4 seconds.

Major events:
 Turn
    1: Kumikeijo the lawful human Valkyrie entered the dungeon
  753: entered the Gnomish Mines
 1178: attained the rank of Skirmisher (level 3)
 1615: killed by a giant bat

You didn't know any spells.

Skills:
 Fighting Skills
   bare handed combat [Unskilled]
   two weapon combat  [Unskilled]
   riding             [Unskilled]
 Weapon Skills
   dagger             [Basic]
   axe                [Unskilled]
   pick-axe           [Unskilled]
   short sword        [Unskilled]
   broadsword         [Unskilled]
   long sword         [Unskilled]
   two-handed sword   [Unskilled]
   saber              [Unskilled]
   hammer             [Unskilled]
   quarterstaff       [Unskilled]
   polearms           [Unskilled]
   spear              [Basic]
   trident            [Unskilled]
   lance              [Unskilled]
   sling              [Unskilled]
 Spellcasting Skills
   attack spells      [Unskilled]
   escape spells      [Unskilled]

Voluntary challenges:
 Character rerolling was not enabled.
 You were an atheist.
 You were illiterate.
 You never genocided any monsters.
 You never polymorphed an object.
 You never changed form.
 You used no wishes.
Achievements:
 You entered a shop.
 You entered the Gnomish Mines.
 You attained the rank of Skirmisher.

 The Dungeons of Doom: levels 1 to 4
    Level 1:
       Some fountains.
    Level 2:
       A weapon shop, a fountain.
       Stairs down to The Gnomish Mines.
    Level 3: <- You were here.
       Final resting place for
          you, killed by a giant bat.
    Level 4:
 The Gnomish Mines:
    Level 3:


Vanquished creatures:
  a giant rat
  3 yellow molds
  a gecko
  7 jackals
  2 foxes
  a kobold
  3 grid bugs
  2 bats
  3 lichens
  a kobold zombie
  5 newts
29 creatures vanquished.

No species were genocided or became extinct.

Game over:
                       ----------
                      /          \
                     /    REST    \
                    /      IN      \
                   /     PEACE      \
                  /                  \
                  |    Kumikeijo     |
                  |      61 Au       |
                  |   killed by a    |
                  |    giant bat     |
                  |                  |
                  |                  |
                  |       2026       |
                 *|     *  *  *      | *
        _________)/\\_//(\/(/\)/\//\/|_)_______

Farvel Kumikeijo the Valkyrie...

You died in The Dungeons of Doom on dungeon level 3 with 417 points,
and 61 pieces of gold, after 1615 moves.
You were level 3 with a maximum of 27 hit points when you died.

